 Dungeon Crawl Stone Soup version 0.16-a0-3210-ge5ae1c3 (webtiles) character file.

1485918 KaKa the Ruinous (level 27, 179/184 (190) HPs)
             Began as a Mummy Conjurer on Dec 16, 2014.
             Was the Champion of Sif Muna.
             Escaped with the Orb
             ... and 3 runes on Dec 20, 2014!
             The game lasted 15:20:36 (104506 turns).

KaKa the Ruinous (Mummy Conjurer)                 Turns: 104506, Time: 15:20:36

HP:   179/184 (190) AC: 20    Str: 10 (11) XL:     27
MP:   37/37         EV: 14    Int: 22 (23) God:    Sif Muna [******]
Gold: 7347          SH:  7    Dex:  9 (10) Spells: 12 memorised, 0 levels left

rFire  + + +     SeeInvis .     S - staff of fire
rCold  + + .     Clarity  .     i - +3 robe of the Nights {rPois MR++}
rNeg   + + +     SustAb   .     D - +3 buckler {AC+3}
rPois  ∞         Gourm    .     J - +2 helmet
rElec  +         Spirit   .     I - +2 cloak {MR+}
rCorr  +         Warding  .     P - +2 pair of gloves
rMut   .         Stasis   .     k - +2 pair of boots {run}
MR     +++++                    L - amulet "Gak Ijar" {rCorr rPois rF+ Stlth++}
Stlth  ++........               X - ring of fire
                                E - ring of Cheib {rElec rF+ rC++ Dex-2}

@: very slightly contaminated, quick, almost entirely resistant to hostile
enchantments, unstealthy
A: no food or potions, fire vulnerability, strongly in touch with death, restore
body, cold resistance 1, negative energy resistance 3, poison resistance,
torment resistance, unbreathing
a: Self-Restoration, Channel Energy, Forget Spell, Renounce Religion
0: Orb of Zot
}: 3/15 runes: decaying, serpentine, abyssal


You escaped.
You worshipped Sif Muna.
Sif Muna was exalted by your worship.
You were not hungry.

You visited 12 branches of the dungeon, and saw 59 of its levels.
You visited the Abyss 2 times.
You visited 2 bazaars.
You also visited: Bailey and Volcano.

You collected 9823 gold pieces.
You spent 2476 gold pieces at shops.

Inventory:

Armour
 i - the +3 robe of the Nights (worn) {rPois MR++}
   (You bought it in a shop in a bazaar)

   It protects you from poison.
   It affects your resistance to hostile enchantments.
 k - a +2 pair of boots of running (worn)
 w - a cursed +5 steam dragon armour
 D - a +3 buckler of protection (worn)
 I - a +2 cloak of magic resistance (worn)
 J - a +2 helmet (worn)
 P - a +2 pair of gloves (worn)
Magical staves
 S - an uncursed staff of fire (weapon)
Jewellery
 q - an uncursed ring of see invisible
 E - the ring of Cheib (left hand) {rElec rF+ rC++ Dex-2}
   (You found it on level 6 of the Dungeon)

   [ring of protection from fire]

   It affects your dexterity (-2).
   It protects you from fire.
   It greatly protects you from cold.
   It insulates you from electricity.
 L - the amulet "Gak Ijar" (around neck) {rCorr rPois rF+ Stlth++}
   (You took it off a deep elf high priest on level 3 of the Elven Halls)

   [amulet of resist corrosion]

   It protects you from acid and corrosion.
   It protects you from fire.
   It protects you from poison.
   It makes you much more stealthy.
 V - a cursed ring of teleportation
 X - a ring of fire (right hand)
Magical devices
 a - a wand of invisibility (3)
 e - a wand of draining (6)
 n - a wand of disintegration (3)
 t - a wand of teleportation (2)
 x - a wand of heal wounds (0)
 C - a wand of lightning (4)
 N - a wand of digging (2)
 Q - a wand of hasting (0)
 W - a wand of confusion (31)
Scrolls
 b - 14 scrolls of fog
 h - 18 scrolls of remove curse
 j - a scroll of enchant armour
 m - 26 scrolls of identify
 p - 3 scrolls of fear
 s - a scroll of teleportation
 u - 2 scrolls of amnesia
 v - 2 scrolls of recharging
 M - 2 scrolls of brand weapon
 O - a scroll of silence
 U - a scroll of torment
 Z - 15 scrolls of enchant weapon
Books
 f - Sif Muna's Disquisition on Calling
   (Sif Muna gifted it to you on level 5 of the Realm of Zot)

   Spells                             Type                      Level
   a - Call Imp                       Summoning                    2
   b - Abjuration                     Summoning                    3
   c - Spellforged Servitor           Conjuration/Summoning        7
   d - Summon Horrible Things         Summoning                    8
 g - Sif Muna's Volume of Summoning
   (Sif Muna gifted it to you on level 5 of the Realm of Zot)

   Spells                             Type                      Level
   a - Abjuration                     Summoning                    3
   b - Summon Forest                  Summoning/Translocation      5
   c - Summon Demon                   Summoning                    5
   d - Spellforged Servitor           Conjuration/Summoning        7
 o - Sif Muna's Reference Book on Black Rites
   (Sif Muna gifted it to you on level 4 of the Depths)

   Spells                             Type                      Level
   a - Control Undead                 Necromancy                   4
   b - Agony                          Necromancy                   5
   c - Cigotuvi's Embrace             Necromancy                   5
   d - Dispel Undead                  Necromancy                   5
 y - a Young Poisoner's Handbook

   Spells                             Type                      Level
   a - Sting                          Conjuration/Poison           1
   b - Cure Poison                    Poison                       2
   c - Mephitic Cloud                 Conjuration/Poison/Air       3
   d - Olgreb's Toxic Radiance        Poison                       4
   e - Venom Bolt                     Conjuration/Poison           5
 B - Cerebov's Guide on Attacks and Heat
   (Sif Muna gifted it to you on level 1 of the Elven Halls)

   Spells                             Type                      Level
   a - Flame Tongue                   Conjuration/Fire             1
   b - Bolt of Magma                  Conjuration/Fire/Earth       5
   c - Fireball                       Conjuration/Fire             5
   d - Fire Storm                     Conjuration/Fire             9
 G - Sif Muna's Guide on Conjuration
   (Sif Muna gifted it to you on level 3 of the Abyss)

   Spells                             Type                      Level
   a - Searing Ray                    Conjuration                  2
   b - Conjure Flame                  Conjuration/Fire             3
   c - Fulminant Prism                Conjuration/Hexes            4
   d - Iskenderun's Mystic Blast      Conjuration                  4
   e - Orb of Destruction             Conjuration                  7
 K - Lee's Reference Book on Earthen Combat Magic
   (Sif Muna gifted it to you on level 5 of the Abyss)

   Spells                             Type                      Level
   a - Magic Dart                     Conjuration                  1
   b - Flame Tongue                   Conjuration/Fire             1
   c - Iskenderun's Mystic Blast      Conjuration                  4
   d - Iron Shot                      Conjuration/Earth            6
   e - Lehudib's Crystal Spear        Conjuration/Earth            8
 R - the Collected Works on Gliding Battle Magic
   (You found it on level 1 of the Elven Halls)

   Spells                             Type                      Level
   a - Shock                          Conjuration/Air              1
   b - Fulminant Prism                Conjuration/Hexes            4
   c - Summon Lightning Spire         Summoning/Air                4
   d - Orb of Destruction             Conjuration                  7
 Y - Sif Muna's Papyrus of Combat Magic
   (Sif Muna gifted it to you on level 5 of the Depths)

   Spells                             Type                      Level
   a - Magic Dart                     Conjuration                  1
   b - Fulminant Prism                Conjuration/Hexes            4
   c - Delayed Fireball               Conjuration/Fire             7
   d - Lehudib's Crystal Spear        Conjuration/Earth            8
Miscellaneous
 c - a phial of floods
 d - a phial of floods
 l - a lamp of fire
 r - a phial of floods
 A - a fan of gales
 H - a lamp of fire (inert, charging)
 T - a phantom mirror


   Skills:
 - Level 10.0 Fighting
 - Level 7.0 Dodging
 - Level 1.5 Stealth
 - Level 5.0 Shields
 - Level 12.0 Spellcasting
 - Level 25.0 Conjurations
   Level 3.2 Hexes
 - Level 11.0 Charms
 - Level 12.8 Necromancy
 - Level 3.0 Translocations
 + Level 24.3 Fire Magic
 - Level 10.0 Earth Magic
 - Level 6.0 Invocations
 - Level 7.6 Evocations


You couldn't memorise any spells.
You knew the following spells:

 Your Spells              Type           Power        Failure   Level  Hunger
a - Bolt of Fire          Conj/Fire      ########..   1%          6    N/A
b - Haste                 Chrm           ######..     10%         6    N/A
c - Repel Missiles        Chrm/Air       #####.       1%          2    N/A
d - Iron Shot             Conj/Erth      ######....   1%          6    N/A
e - Bolt of Magma         Conj/Fire/Erth ########..   1%          5    N/A
f - Animate Skeleton      Necr           N/A          1%          1    N/A
g - Apportation           Tloc           ####......   1%          1    N/A
h - Flight                Chrm/Air       #####.....   1%          3    N/A
j - Summon Butterflies    Summ           ##......     6%          1    N/A
q - Fire Storm            Conj/Fire      ########..   24%         9    N/A
r - Fireball              Conj/Fire      ########..   0%          5    N/A
w - Dispel Undead         Necr           ########     1%          5    N/A

Dungeon Overview and Level Annotations

Branches:
Dungeon (15/15)            Temple (1/1) D:7            Lair (8/8) D:10
  Swamp (5/5) Lair:3        Snake (5/5) Lair:5        Slime (0/6) Lair:6
    Orc (4/4) D:12            Elf (3/3) Orc:3        Vaults (2/5) D:14
  Crypt (3/3) Vaults:2       Tomb (3/3) Crypt:3      Depths (5/5) D:15
    Zot (5/5) Depths:5

Altars:
Ashenzari
Cheibriados
Dithmenos
Fedhas
Gozag
Kikubaaqudgha
Makhleb
Nemelex Xobeh
Okawaru
Qazlal
Ru
Sif Muna
Trog
Vehumet
Xom
Yredelemnul
Zin
The Shining One
Jiyva

Shops:
D:5 *   Orc:4 =*[(   Vaults:1 :?[*[(   Vaults:2 (   Depths:3 [   Depths:5 =*?

Portals:
Hell: Depths:1 Depths:2 Depths:3 Depths:4 Depths:5
Abyss: Depths:4
Pandemonium: Depths:1 Depths:3
Ziggurat: Depths:2
Trove: D:13 (give wand of heal wounds (9))

Annotations:
Lair:6 runed door
Orc:3 Saint Roka
Elf:2 runed door
Elf:3 1 exclusion


Innate Abilities, Weirdness & Mutations

You do not eat or drink.
Your flesh is vulnerable to fire.
You are strongly in touch with the powers of death.
You can restore your body by infusing magical energy.
Your flesh is cold resistant.
You are immune to negative energy.
Your system is resistant to poisons.
You are immune to unholy pain and torment.
You can survive without breathing.


Message History

2 scrolls of random uselessness; a +0 leather armour; a +0 robe A ynoxinul comes into view.
You see here a short sword.
There is a stone staircase leading up here.
Casting: Bolt of Magma
Confirm with . or Enter, or press ? or * to list all spells.
Okay, then.
You climb upwards.
You sense a powerful magical force warping space.
There is a stone staircase leading down here.
There is a stone staircase leading up here.
You climb upwards.
You sense a powerful magical force warping space.
There is a stone staircase leading down here.
Evoke which item? (* to show all) (? for menu, Esc to quit)
Zapping:
N - a wand of digging (3)
Press: ? - help, Shift-Dir - straight line The rock shatters into small pieces.
This wand has 2 charges left.
There is a staircase leading out of the dungeon here.
You have escaped!

#.........(..................
#.######..#.#.............#.# #.#
#..#.#.###...........# #.#
##....#.# #.........#.# #
#.#####(..#.#.# #.........#.# #
#......#..#...# #..>......#.# #
#..##.....#######.###.#!###.#
#####..##..#!##...##..# #.....#.#
.......##.#.##..@...#.# #.......#
#####.###.###.......### #.#.#.#..
## ##.....##..⌠...⌠..## #.#.#.###
P###.....##...........###.#.#.# #
..>.....##.⌠....⌠....⌠.##.#.#.#
P≈##.####...............###.#.# #
PP##.###..⌠...⌠...⌠...⌠..##.#.# #
≈PP#.##...................##..###
♣P≈..#......⌠.......⌠......#%....


There were no monsters in sight!

Vanquished Creatures
  Khufu (Tomb:1)
  8 ancient liches
  2 orbs of fire (Zot:5)
  24 greater mummies
  Norris (D:14)
  3 curse toes
  A Killer Klown (Zot:5)
  4 golden dragons
  4 bone dragons (Abyss:5)
  4 electric golems
  A spellforged servitor (Zot:5)
  13 tentacled monstrosities
  2 hellephants
  21 Orb Guardians (Zot:5)
  8 liches
  4 deep elf blademasters (Elf:3)
  3 deep elf master archers (Elf:3)
  8 sphinxes
  2 thorn hunters
  An octopode crusher (Depths:3)
  3 Executioners
  11 tentacled starspawn
  2 draconian monks
  A shadow dragon (Zot:5)
  5 storm dragons
  Frances (D:15)
  4 tengu reavers
  5 revenants
  Roxanne (Snake:5)
  4 ancient champions
  6 greater nagas
  5 ghost moths
  Donald (D:14)
  Wiglaf (Elf:2)
  3 draconian scorchers
  8 vault wardens
  3 draconian zealots
  A fire giant (Depths:5)
  A balrug (Depths:1)
  2 iron dragons
  Aizul (Vaults:1)
  2 orc warlords
  5 emperor scorpions
  7 draconian knights
  6 frost giants
  3 curse skulls
  18 deep elf sorcerers
  10 ghouls
  6 draconian annihilators
  3 war gargoyles (Crypt:3)
  15 stone giants
  2 draconian shifters
  9 reapers
  10 very ugly things
  4 draconian callers
  9 grey draconians
  8 deep elf demonologists
  8 vampire knights
  3 green draconians
  8 dire elephants
  10 rakshasas
  12 black draconians
  6 mottled draconians
  4 bennus (Tomb:1)
  2 white draconians
  4 yellow draconians
  11 deep elf annihilators (Elf:3)
  8 pale draconians
  3 red draconians
  6 eidola
  2 unborn
  9 ettins
  7 purple draconians
  The ghost of WhatIsLove the Eclecticist, a powerful DECj of Dithmenos (Swamp:1)
  7 deep elf death magi
  11 mummy priests
  3 death cobs
  10 ironheart preservers
  Josephine (D:13)
  11 deep elf high priests
  4 merfolk impalers
  4 great orbs of eyes
  5 yaktaur captains
  12 jiangshi
  11 fire dragons
  13 ogre magi
  The ghost of Chiseanne the Nimble, a powerful DsTm of Gozag (D:13)
  Fannar (Lair:6)
  13 ice dragons
  20 naga warriors
  Harold (Lair:3)
  Nessos (D:11)
  3 spriggan air magi
  25 hydras
  7 centaur warriors
  Erica (Lair:3)
  5 alligators
  11 dancing weapons (Elf:2)
  4 death knights
  12 deep troll earth magi
  31 death yaks
  2 tengu warriors
  5 anacondas
  10 deep troll shamans
  5 vampire magi
  Urug (Orc:4)
  8 hell hogs (Abyss:5)
  18 naga sharpshooters
  7 shock serpents
  5 orc high priests (Orc:4)
  A storm dragon zombie (Tomb:2)
  A sun demon (Abyss:5)
  Nergalle (D:13)
  5 catoblepae
  An iron troll (Depths:5)
  2 fire crabs
  A titan skeleton (Crypt:3)
  13 wretched stars
  27 skeletal warriors
  19 thrashing horrors
  4 spatial maelstroms (Abyss:5)
  5 shadow wraiths
  4 unseen horrors
  A salamander mystic (Snake:5)
  7 soul eaters
  9 hell knights (Crypt:3)
  27 deep elf knights
  77 death scarabs
  An ice devil (Elf:3)
  6 deep elf summoners
  A fire crab (shapeshifter) (Depths:2)
  2 spriggan druids (Swamp:5)
  A sea snake (shapeshifter) (Depths:4)
  A golden dragon zombie (Tomb:1)
  24 deep trolls
  3 giant orange brains
  15 flayed ghosts
  13 hill giants
  2 shadow demons (Abyss:5)
  2 shambling mangroves
  A tengu zombie (Vaults:1)
  An obsidian statue (D:13)
  A golden dragon skeleton (Abyss:1)
  5 anubis guards (Tomb:1)
  6 swamp dragons
  19 starcursed masses
  3 naga ritualists
  A shadow dragon zombie (Crypt:3)
  An ugly thing zombie (D:14)
  21 deep elf conjurers
  8 ironbrand convokers
  6 mana vipers
  A lindwurm (Lair:8)
  19 orc knights
  5 wizards
  3 wolf spider zombies
  2 moths of wrath (shapeshifter)
  3 necromancers
  3 red wasps
  A fire giant zombie (Tomb:1)
  A wolf spider (Vaults:1)
  4 griffons
  A frost giant zombie (Crypt:3)
  A stone giant zombie (Crypt:1)
  3 shadow dragon skeletons
  2 manticores
  5 worldbinders (Abyss:5)
  4 oklob plants (Depths:3)
  2 orb spiders (Abyss:5)
  A griffon (shapeshifter) (Depths:5)
  13 salamanders
  A sphinx skeleton (Vaults:2)
  3 toenail golems (Volcano)
  11 orc sorcerers
  2 salamanders (shapeshifter)
  A faun (Lair:8)
  9 cyclopes
  A tengu skeleton (Vaults:2)
  2 shining eyes (Depths:2)
  A draconian (shapeshifter) (Depths:3)
  13 moths of wrath
  An ugly thing skeleton (Depths:3)
  19 black mambas
  57 ugly things
  A black mamba (shapeshifter) (Abyss:5)
  15 phantasmal warriors
  Maurice (D:8)
  2 sixfirhies
  4 centaur zombies
  A frost giant skeleton (Tomb:1)
  A rust devil (Abyss:1)
  31 naga magi
  4 apocalypse crabs
  4 guardian serpents
  A stone giant skeleton (Vaults:2)
  A titan simulacrum (Tomb:2)
  Joseph (D:12)
  3 dire elephant zombies
  2 torpor snails
  3 vault sentinels
  2 orange demons
  13 elephants
  11 smoke demons
  5 gargoyles
  A storm dragon simulacrum (Crypt:1)
  25 yaktaurs
  A redback zombie (Crypt:1)
  8 komodo dragons
  A harpy zombie (Crypt:3)
  3 hellwings
  3 kobold demonologists
  4 efreet
  A yaktaur (shapeshifter) (Elf:1)
  A queen bee (shapeshifter) (Vaults:1)
  34 guardian mummies
  4 yaktaur skeletons
  A death yak skeleton (Depths:2)
  4 blue devils
  20 deep elf priests
  5 demonic crawlers
  4 red devils
  18 spiny frogs
  2 tengu conjurers (D:15)
  8 ancient zymes (Abyss:5)
  A catoblepas zombie (Tomb:1)
  A hydra zombie (Crypt:1)
  2 fire elementals
  15 freezing wraiths
  A jumping spider (Elf:2)
  3 polar bears (Lair:8)
  65 slime creatures
  Prince Ribbit (D:4)
  A sphinx simulacrum (Vaults:1)
  18 raiju
  18 two-headed ogres
  11 trolls
  A centaur simulacrum (D:13)
  A hydra skeleton (Crypt:3)
  6 catoblepas skeletons (Abyss:5)
  5 giant leeches
  3 silent spectres
  4 air elementals
  An alligator zombie (Crypt:1)
  29 flying skulls
  12 ushabtiu
  14 bog bodies
  A frost giant simulacrum (Tomb:3)
  8 boulder beetles
  2 ettin zombies
  10 ravens
  21 shadows
  13 blink frogs
  11 basilisks
  6 ynoxinuls
  A black mamba zombie (Tomb:2)
  4 human skeletons
  4 redbacks
  10 spriggans
  2 deep troll skeletons
  An ettin skeleton (Crypt:3)
  An ice dragon skeleton (Tomb:2)
  14 water elementals
  A tarantella (shapeshifter) (Depths:5)
  A yak (shapeshifter) (Vaults:2)
  13 vampires
  20 wraiths
  6 wyverns
  2 fire bats (Lair:1)
  35 large abominations
  6 chaos spawn
  A hill giant skeleton (Crypt:1)
  19 neqoxecs
  33 deep elf magi
  41 deep elf fighters
  22 humans
  11 hippogriffs
  6 hungry ghosts
  32 yaks
  A golden eye (Abyss:5)
  27 wolves
  5 wargs
  5 insubstantial wisps (Swamp:4)
  14 vampire mosquitoes
  4 spatial vortices (Abyss:5)
  25 swamp worms
  62 nagas
  7 hell hounds
  11 yellow wasps
  8 ice beasts
  7 necrophages
  9 porcupines
  A spiny frog skeleton (Crypt:3)
  4 phantoms
  43 water moccasins
  A yellow wasp (shapeshifter) (Depths:5)
  61 orc warriors
  7 sky beasts
  8 swamp drakes
  A black bear (D:10)
  4 eyes of draining
  5 boggarts
  A swamp dragon zombie (Crypt:1)
  2 elephant skeletons
  6 boring beetles
  49 ogres
  15 crocodiles
  A blink frog skeleton (Crypt:2)
  3 lost souls (Crypt:3)
  Sigmund (D:4)
  Duvessa (D:4)
  19 centaurs
  4 big kobolds
  An elf zombie (Crypt:2)
  18 giant frogs
  A gnoll sergeant (D:6)
  Blork the orc (D:4)
  A komodo dragon skeleton (Lair:8)
  2 brain worms
  A spider zombie (Crypt:1)
  5 earth elementals (Abyss:5)
  19 killer bees
  2 wyvern skeletons (D:14)
  A warg zombie (Orc:4)
  A boulder beetle zombie (Vaults:1)
  A water moccasin skeleton (D:7)
  2 troll zombies
  15 wights
  A hippogriff skeleton (Lair:7)
  5 scorpions
  An orc simulacrum (Vaults:1)
  A warg skeleton (Orc:2)
  2 troll skeletons
  12 small abominations
  2 yak skeletons
  2 electric eels
  3 human simulacra
  4 goliath beetles
  2 iron imps
  Dowan (D:4)
  A giant frog zombie (D:13)
  6 jellies
  9 hounds
  14 crimson imps
  A formicid zombie (Crypt:1)
  16 worker ants
  3 giant frog skeletons
  43 orc priests
  5 quasits
  A wyvern simulacrum (D:13)
  47 orc wizards
  2 hell rats (Elf:2)
  8 centaur skeletons
  8 iguanas
  A killer bee zombie (D:6)
  Ijyb (D:2)
  25 sheep
  5 hound zombies
  11 fulminant prisms
  Terence (D:2)
  38 mummies
  2 worker ant zombies (D:9)
  Robin (D:3)
  8 gnolls
  47 adders
  55 river rats
  4 shadow imps
  A giant mite (D:9)
  5 white imps
  2 worms
  4 ufetubi
  3 giant eyeballs (Depths:2)
  An iguana zombie (Crypt:2)
  2 adder zombies (D:9)
  A halfling skeleton (Crypt:1)
  A sheep skeleton (D:12)
  4 giant geckos
  2 oozes
  283 orcs
  3 ball pythons
  13 bats
  A bat skeleton (D:4)
  A bat zombie (Crypt:2)
  25 hobgoblins
  4 jackals
  20 quokkas
  2 giant cockroaches
  9 giant newts
  34 goblins
  A goblin skeleton (Crypt:2)
  A jackal skeleton (D:6)
  50 kobolds
  16 orc zombies
  A quokka skeleton (D:6)
  A quokka zombie (D:5)
  23 rats
  A butterfly (Lair:2)
  2 crawling corpses (Elf:2)
  7 fungi
  4 plants
  7 starspawn tentacles
  3 starspawn tentacle segments
3493 creatures vanquished.

Vanquished Creatures (collateral kills)
  A greater mummy (Tomb:1)
  A deep elf blademaster (Elf:2)
  A draconian scorcher (Zot:4)
  2 orc warlords
  3 very ugly things
  A deep elf demonologist (Elf:3)
  3 black draconians
  2 pale draconians (Zot:4)
  A mottled draconian (Zot:5)
  2 purple draconians
  A rakshasa (Depths:1)
  A death cob (Zot:5)
  6 hydras
  An ice dragon (Depths:1)
  2 alligators
  4 death yaks
  A naga sharpshooter (Snake:1)
  A spriggan berserker (Depths:2)
  A hell knight (Crypt:3)
  A catoblepas (Lair:3)
  A wizard (Swamp:2)
  2 deep trolls
  A shambling mangrove (Swamp:4)
  2 orc knights
  3 swamp dragons (Swamp:5)
  A mana viper (Snake:1)
  A red wasp (Swamp:2)
  A tengu skeleton (Depths:2)
  2 ugly things
  A manticore (Depths:2)
  A cyclops (Vaults:2)
  An orc sorcerer (Orc:4)
  A griffon (Lair:5)
  2 elephants (Lair:8)
  2 moths of wrath
  A sixfirhy (Zot:4)
  A hellion (Abyss:5)
  3 spiny frogs
  2 komodo dragons
  A red devil (Depths:1)
  A boulder beetle (Lair:5)
  A troll (D:15)
  A bog body (Swamp:2)
  A raven (Depths:3)
  5 slime creatures (Swamp:3)
  A basilisk (Lair:6)
  A water elemental (Depths:2)
  A hippogriff (Lair:5)
  7 yaks
  5 swamp worms
  3 wolves (Lair:8)
  An insubstantial wisp (Lair:8)
  A warg (Orc:4)
  4 water moccasins
  A yellow wasp (Swamp:1)
  2 swamp drakes (Swamp:5)
  2 crocodiles
  An elephant skeleton (Lair:4)
  A giant frog (Swamp:2)
  A brain worm (D:15)
  A warg zombie (Orc:4)
  A killer bee (D:12)
  An electric eel (Lair:3)
  A wight (D:11)
  2 jellies (Lair:6)
  6 sheep
  6 gnolls (Bailey)
  10 river rats
  A sheep skeleton (D:12)
  2 orcs (Orc:4)
  A kobold (D:12)
  A fungus (Lair:7)
  A plant (Lair:8)
141 creatures vanquished.

Vanquished Creatures (others)
  A draconian zealot (Zot:4)
  A player illusion (Orc:4)
  5 very ugly thing skeletons
  A spriggan air mage (Depths:2)
  A spriggan berserker (Depths:2)
  An unseen horror (Vaults:1)
  16 death scarabs
  2 anaconda skeletons (Snake:2)
  A shadow dragon skeleton (Zot:5)
  2 ugly thing skeletons
  A frost giant skeleton (Depths:2)
  3 air elementals
  An orange demon (Orc:4)
  A dire elephant skeleton (Depths:1)
  A black draconian skeleton (Zot:4)
  2 grey draconian skeletons (Zot:4)
  5 death yak skeletons
  10 water elementals
  33 fire vortices
  2 catoblepas skeletons
  2 raiju
  5 hydra skeletons
  A guardian serpent skeleton (Snake:5)
  7 deep troll skeletons
  An alligator skeleton (Swamp:1)
  A basilisk (Orc:4)
  5 fire elementals
  A fire dragon skeleton (Vaults:2)
  A flying skull (Tomb:2)
  2 ice dragon skeletons
  A deep elf fighter (Elf:1)
  A golden eye (Abyss:5)
  A neqoxec (Abyss:5)
  A hill giant skeleton (D:11)
  A dancing weapon (Orc:4)
  A mottled dragon (Orc:4)
  An orc warrior (Bailey)
  A hell hound (Orc:4)
  2 spiny frog skeletons
  A large abomination (Abyss:5)
  2 ice beasts (Orc:4)
  2 manticore skeletons
  2 swamp dragon skeletons
  5 elephant skeletons (Lair:8)
  6 blink frog skeletons (Lair:8)
  5 lost souls
  2 wyvern skeletons (D:15)
  2 water moccasin skeletons
  3 yak skeletons
  2 hippogriff skeletons
  7 wolf skeletons (Lair:8)
  A human skeleton (Swamp:1)
  A basilisk skeleton (Lair:6)
  A bog body skeleton (Swamp:2)
  2 giant frog skeletons
  4 crocodile skeletons
  112 fulminant prisms
  4 naga skeletons
  A hound skeleton (Lair:7)
  4 mummies
  5 gnolls
  An adder (D:5)
  An iguana skeleton (Lair:5)
  4 sheep skeletons (Lair:3)
  2 chimeras (Orc:4)
  2 orcs
  A goblin (D:5)
  A hobgoblin (D:5)
  An orc skeleton (Swamp:2)
  A bush (Lair:8)
  3 butterflies (Tomb:1)
  19 fungi
  A macabre mass (Abyss:5)
  18 plants
  12 starspawn tentacles
  49 starspawn tentacle segments
416 creatures vanquished.

Grand Total: 4050 creatures vanquished

Notes
Turn   | Place    | Note
--------------------------------------------------------------
     0 | D:1      | KaKa, the Mummy Conjurer, began the quest for the Orb.
     0 | D:1      | Reached XP level 1. HP: 13/13 MP: 3/3
   476 | D:1      | Reached XP level 2. HP: 19/19 MP: 2/4
   776 | D:1      | Learned a level 2 spell: Searing Ray
   979 | D:1      | Reached skill level 4 in Conjurations
  1407 | D:2      | Reached XP level 3. HP: 24/24 MP: 1/6
  1848 | D:2      | Reached XP level 4. HP: 27/30 MP: 0/8
  2148 | D:2      | Noticed Ijyb
  2168 | D:2      | Killed Ijyb
  2243 | D:2      | Noticed Terence
  2338 | D:2      | Killed Terence
  2784 | D:3      | Reached XP level 5. HP: 29/35 MP: 2/11
  3389 | D:3      | Noticed Robin
  3469 | D:3      | Killed Robin
  3469 | D:3      | Reached skill level 5 in Conjurations
  3698 | D:3      | Learned a level 5 spell: Iskenderun's Battlesphere
  3702 | D:3      | Learned a level 3 spell: Dazzling Spray
  4229 | D:3      | Reached XP level 6. HP: 24/41 MP: 11/14
  4327 | D:3      | Noticed an ogre
  4333 | D:3      | Killed an ogre
  4380 | D:4      | Noticed a hippogriff
  4469 | D:4      | Noticed Sigmund
  4789 | D:4      | Found a bloodstained altar of Trog.
  4971 | D:3      | Found a burning altar of Makhleb.
  5156 | D:4      | Noticed Blork the orc
  5164 | D:4      | Killed Blork the orc
  5164 | D:4      | Reached skill level 1 in Hexes
  5164 | D:4      | Reached XP level 7. HP: 29/46 MP: 9/17
  5415 | D:4      | Killed Sigmund
  5415 | D:4      | Reached skill level 6 in Conjurations
  5415 | D:4      | Reached skill level 1 in Charms
  5595 | D:3      | Killed a hippogriff
  6098 | D:4      | Noticed Dowan
  6137 | D:4      | Killed Dowan
  6215 | D:4      | Noticed Duvessa
  6222 | D:4      | Noticed Prince Ribbit
  6523 | D:4      | Killed Prince Ribbit
  6523 | D:4      | Reached XP level 8. HP: 52/52 MP: 7/18
  6723 | D:4      | Killed Duvessa
  6815 | D:5      | Entered Level 5 of the Dungeon
  6815 | D:5      | Found an iron altar of Okawaru.
  6886 | D:5      | Learned a level 4 spell: Iskenderun's Mystic Blast
  7100 | D:5      | Found a shimmering altar of Xom.
  7268 | D:5      | Found a blossoming altar of Fedhas.
  7413 | D:5      | Found Joewalikh's Assorted Antiques.
  7738 | D:5      | Reached skill level 7 in Conjurations
  8900 | D:6      | Reached XP level 9. HP: 57/57 MP: 6/20
  8908 | D:6      | Reached skill level 5 in Charms
  9072 | D:6      | Got a vibrating steel ring
  9073 | D:6      | Identified the ring of Cheib {rElec rF+ rC++ Dex-2} (You found it on level 6 of the Dungeon)
 10182 | D:6      | Reached skill level 8 in Conjurations
 11468 | D:7      | Reached skill level 9 in Conjurations
 11624 | D:7      | Found a staircase to the Ecumenical Temple.
 11651 | Temple   | Entered the Ecumenical Temple
 11662 | Temple   | Became a worshipper of Sif Muna the Loreminder
 12121 | D:8      | Got a transparent jade ring
 12123 | D:8      | Identified the ring of Moorha {+Fly rC+ Slay-3} (You found it on level 8 of the Dungeon)
 12144 | D:8      | Noticed Maurice
 12158 | D:8      | Killed Maurice
 12158 | D:8      | Reached XP level 10. HP: 63/63 MP: 10/21
 12907 | D:8      | Found a sacrificial altar of Ru.
 12910 | D:8      | Found a radiant altar of Vehumet.
 12913 | D:8      | Found an iron altar of Okawaru.
 12946 | D:8      | Acquired Sif Muna's first power
 14469 | D:9      | Reached skill level 10 in Conjurations
 14495 | D:9      | Acquired Sif Muna's second power
 15652 | D:9      | Reached XP level 11. HP: 68/68 MP: 18/22
 15844 | D:10     | Entered Level 10 of the Dungeon
 15870 | D:10     | Noticed a hill giant
 15943 | D:10     | Killed a hill giant
 15967 | D:10     | Noticed a hill giant
 15985 | D:10     | Killed a hill giant
 16289 | D:10     | Found a staircase to the Lair.
 16495 | D:10     | Reached skill level 11 in Conjurations
 17142 | D:5      | Bought a dog-eared book for 285 gold pieces
 17144 | D:5      | Learned a level 1 spell: Animate Skeleton
 17146 | D:5      | Learned a level 1 spell: Apportation
 17309 | Lair:1   | Entered Level 1 of the Lair of Beasts
 17425 | Lair:1   | Acquired Sif Muna's third power
 17436 | Lair:1   | Reached skill level 10 in Charms
 17617 | Lair:1   | Noticed a six-headed hydra
 17621 | Lair:1   | Killed a six-headed hydra
 17875 | Lair:1   | Reached skill level 1 in Fighting
 17991 | Lair:1   | Reached skill level 5 in Spellcasting
 18492 | Lair:1   | Learned a level 4 spell: Fulminant Prism
 18614 | Lair:1   | Reached skill level 1 in Shields
 18669 | Lair:1   | Reached XP level 12. HP: 60/76 MP: 2/26
 19491 | Lair:2   | Noticed a four-headed hydra
 19498 | Lair:2   | Killed a four-headed hydra
 19641 | Lair:2   | Reached skill level 5 in Shields
 19674 | Lair:2   | Reached skill level 1 in Invocations
 20064 | Lair:3   | Found a dark tunnel.
 20072 | Volcano  | Entered a volcano
 20082 | Volcano  | Reached skill level 1 in Necromancy
 20403 | Lair:3   | Noticed Harold
 20411 | Lair:3   | Killed Harold
 20411 | Lair:3   | Reached skill level 1 in Translocations
 20465 | Lair:3   | Noticed Erica
 20470 | Lair:3   | Killed Erica
 20825 | Lair:3   | Found a staircase to the Swamp.
 21651 | Lair:4   | Reached skill level 5 in Invocations
 21812 | Lair:4   | Found a staircase to the Swamp.
 22441 | Lair:5   | Reached XP level 13. HP: 88/88 MP: 19/27
 22723 | Lair:5   | Found a staircase to the Snake Pit.
 23136 | Lair:5   | Reached skill level 5 in Fighting
 23478 | Lair:6   | Received a gift from Sif Muna
 23480 | Lair:6   | Identified Sif Muna's Disquisition on Icy Conjuration (Sif Muna gifted it to you on level 6 of the Lair of Beasts)
 23485 | Lair:6   | Learned a level 2 spell: Throw Frost
 24645 | Lair:6   | Found a runed door.
 24645 | Lair:6   | Found a viscous altar of Jiyva.
 24648 | Lair:6   | Found a staircase to the Slime Pits.
 24650 | Lair:6   | Noticed Fannar
 24658 | Lair:6   | Killed Fannar
 26154 | Lair:8   | Entered Level 8 of the Lair of Beasts
 26850 | Lair:8   | Reached XP level 14. HP: 91/108 MP: 11/30
 26857 | Lair:8   | Reached skill level 5 in Dodging
 27214 | Lair:8   | Reached skill level 10 in Fighting
 29558 | D:11     | Noticed Nessos
 29567 | D:11     | Killed Nessos
 30487 | D:12     | Reached skill level 12 in Conjurations
 30787 | D:12     | Found a staircase to the Orcish Mines.
 30989 | D:12     | Noticed Joseph
 30995 | D:12     | Killed Joseph
 32055 | Orc:1    | Entered Level 1 of the Orcish Mines
 32255 | Orc:2    | Reached XP level 15. HP: 115/115 MP: 28/30
 32327 | Orc:2    | Learned a level 2 spell: Swiftness
 32333 | Orc:2    | Learned a level 5 spell: Lee's Rapid Deconstruction
 32506 | Orc:2    | Found a burning altar of Makhleb.
 33222 | Orc:3    | Found a staircase to the Elven Halls.
 33234 | Orc:3    | Reached skill level 1 in Earth Magic
 33959 | Orc:4    | Entered Level 4 of the Orcish Mines
 34122 | Orc:4    | Noticed Urug
 34444 | Orc:4    | Noticed Saint Roka
 34737 | Orc:4    | Killed Urug
 35269 | Orc:4    | HP: 5/115 [Saint Roka/divine providence (10)]
 36072 | Orc:4    | Your ally KaKa died
 36252 | Orc:4    | Your ally KaKa died
 36653 | Orc:4    | Got a warped bone ring
 36657 | Orc:4    | Identified the cursed ring "Cefaof" {Int-3 Dex+4} (You took it off an orc knight on level 4 of the Orcish Mines)
 36746 | Orc:4    | Reached skill level 5 in Earth Magic
 36783 | Orc:3    | Received a gift from Sif Muna
 36784 | Orc:3    | Identified Sif Muna's Handbook of Sinister Secrets and Talismans (Sif Muna gifted it to you on level 3 of the Orcish Mines)
 37786 | Orc:3    | Upgraded the game from 0.16-a0-3187-geb38783 to 0.16-a0-3210-ge5ae1c3
 37794 | Elf:1    | Entered Level 1 of the Elven Halls
 38458 | D:13     | Noticed Chiseanne's ghost (powerful DsTm)
 38516 | D:13     | Killed Chiseanne's ghost
 38937 | D:13     | Found a portal to a secret trove of treasure.
 38970 | D:13     | Noticed Nergalle
 38974 | D:13     | Killed Nergalle
 39077 | D:13     | Received a gift from Sif Muna
 39078 | D:13     | Identified Sif Muna's Rites and Rhymes Continued (Sif Muna gifted it to you on level 13 of the Dungeon)
 39094 | D:13     | Learned a level 3 spell: Vampiric Draining
 39313 | D:13     | Noticed Josephine
 39319 | D:13     | Killed Josephine
 39422 | D:14     | Found a gate to the Vaults.
 39422 | D:14     | Noticed Norris
 39422 | D:14     | Noticed Donald
 39473 | D:14     | Killed Donald
 39562 | D:14     | Found a flagged portal.
 39573 | Bailey   | Entered a bailey
 40507 | D:14     | Reached XP level 16. HP: 122/122 MP: 27/31
 40599 | D:14     | Reached skill level 10 in Earth Magic
 40743 | D:14     | Reached skill level 1 in Evocations
 41367 | D:14     | Paralysed by Norris for 3 turns
 41379 | D:14     | Killed Norris
 41749 | D:14     | Reached skill level 5 in Evocations
 41912 | D:15     | Entered Level 15 of the Dungeon
 43077 | Orc:4    | Reached skill level 13 in Conjurations
 43303 | Orc:4    | Found Ghiycwa's Antique Armour Boutique.
 43305 | Orc:4    | Found Qoil Ona's Antique Weapon Boutique.
 43308 | Orc:4    | Found Ginom's General Store.
 43308 | Orc:4    | Found Varode's Jewellery Shop.
 43333 | Orc:4    | Bought an uncursed ring of fire for 375 gold pieces
 43998 | Swamp:1  | Entered Level 1 of the Swamp
 44057 | Swamp:1  | Noticed WhatIsLove's ghost (powerful DECj)
 44063 | Swamp:1  | Killed WhatIsLove's ghost
 44450 | Swamp:1  | Received a gift from Sif Muna
 44452 | Swamp:1  | Identified Sif Muna's Grimoire of Bewitchment and Clay (Sif Muna gifted it to you on level 1 of the Swamp)
 44457 | Swamp:1  | Learned a level 3 spell: Stone Arrow
 45474 | Swamp:2  | Reached skill level 10 in Spellcasting
 46075 | Swamp:2  | Reached skill level 5 in Necromancy
 47497 | Swamp:4  | Reached XP level 17. HP: 114/128 MP: 11/34
 47724 | Swamp:4  | Learned a level 3 spell: Ozocubu's Armour
 47779 | Swamp:4  | Received a gift from Sif Muna
 47805 | Swamp:4  | Learned a level 6 spell: Haste
 47986 | Swamp:4  | Got a translucent chain mail
 47997 | Swamp:4  | Identified the cursed -1 chain mail of Skepoal {Slay-5} (You found it on level 4 of the Swamp)
 48042 | Swamp:4  | Learned a level 3 spell: Conjure Flame
 48312 | Swamp:5  | Entered Level 5 of the Swamp
 49919 | Swamp:5  | Reached skill level 10 in Necromancy
 50124 | Swamp:5  | Got a decaying rune of Zot
 50387 | Snake:1  | Entered Level 1 of the Snake Pit
 50832 | Snake:1  | Received a gift from Sif Muna
 50834 | Snake:1  | Identified Sif Muna's Compendium of Lucky Unholy Rituals (Sif Muna gifted it to you on level 1 of the Snake Pit)
 52020 | Snake:2  | Got a scorched ring mail
 52031 | Snake:2  | Identified the cursed -2 ring mail "Funtuhuyto" {Slay+6} (You found it on level 2 of the Snake Pit)
 52762 | Snake:3  | Found a sacrificial altar of Ru.
 52789 | Snake:3  | Identified Lehudib's Volume of Burning Battle Magic
 52797 | Snake:3  | Learned a level 5 spell: Bolt of Magma
 52806 | Snake:3  | Reached skill level 1 in Fire Magic
 53429 | Snake:4  | Received a gift from Sif Muna
 53432 | Snake:4  | Identified Sif Muna's Tome of Conjuration (Sif Muna gifted it to you on level 4 of the Snake Pit)
 53483 | Snake:4  | Reached XP level 18. HP: 134/134 MP: 19/34
 53637 | Snake:4  | Reached skill level 5 in Fire Magic
 54094 | Snake:5  | Entered Level 5 of the Snake Pit
 54107 | Snake:5  | Noticed Roxanne
 54303 | Snake:5  | Killed Roxanne
 55856 | Snake:5  | Received a gift from Sif Muna
 55929 | Snake:5  | Identified Sif Muna's Foundations of Wizardry (Sif Muna gifted it to you on level 5 of the Snake Pit)
 56217 | Snake:5  | Got a serpentine rune of Zot
 56388 | Snake:5  | Reached skill level 10 in Fire Magic
 56523 | Snake:2  | Learned a level 6 spell: Bolt of Fire
 57451 | D:15     | Noticed Frances
 57468 | D:15     | Killed Frances
 57559 | D:15     | Found a staircase to the Depths.
 58507 | D:13     | Reached XP level 19. HP: 140/140 MP: 10/35
 58812 | Elf:1    | Received a gift from Sif Muna
 58914 | Elf:1    | Identified Cerebov's Guide on Attacks and Heat (Sif Muna gifted it to you on level 1 of the Elven Halls)
 58936 | Elf:1    | Identified the Collected Works on Gliding Battle Magic
 59865 | Elf:2    | Identified the Papyrus of Shifting Lightness
 59871 | Elf:2    | Learned a level 2 spell: Repel Missiles
 60322 | Elf:2    | Found a huge runed gate.
 60322 | Elf:2    | Found a huge runed gate.
 60322 | Elf:2    | Found a huge runed gate.
 60323 | Elf:2    | Found a huge runed gate.
 60323 | Elf:2    | Found a huge runed gate.
 60335 | Elf:2    | Noticed Wiglaf
 60537 | Elf:2    | Killed Wiglaf
 60872 | Elf:2    | Received a gift from Sif Muna
 60873 | Elf:2    | Identified Sif Muna's Volume of Confrontation (Sif Muna gifted it to you on level 2 of the Elven Halls)
 61219 | Elf:2    | Reached skill level 14 in Conjurations
 61513 | Elf:2    | Learned a level 6 spell: Iron Shot
 61548 | Elf:2    | Cast into the Abyss (executioner's axe of distortion)
 61918 | Elf:2    | Escaped the Abyss
 62661 | Elf:3    | Entered Level 3 of the Elven Halls
 62811 | Elf:3    | Found a shimmering altar of Xom.
 62829 | Elf:3    | Identified a scroll of acquirement
 63314 | Elf:3    | Received a gift from Sif Muna
 63410 | Elf:3    | Reached XP level 20. HP: 122/147 MP: 23/36
 64668 | Elf:3    | Got a ripped robe
 64679 | Elf:3    | Identified the +2 robe of Misanthropy {rC+ Dex+1} (You took it off a deep elf sorcerer on level 3 of the Elven Halls)
 64716 | Elf:3    | Reached skill level 15 in Conjurations
 65116 | Elf:3    | Got a steaming copper amulet
 65117 | Elf:3    | Identified the amulet "Gak Ijar" {rCorr rPois rF+ Stlth++} (You took it off a deep elf high priest on level 3 of the Elven Halls)
 65396 | Elf:3    | Got an ichor-stained blowgun
 65425 | Elf:3    | Received a gift from Sif Muna
 65591 | Elf:3    | Identified a +0 pair of boots of running (You found it on level 3 of the Elven Halls)
 65608 | Elf:3    | Identified the cursed +1 blowgun "Killer Bee's Regret" {evade, rPois} (You found it on level 3 of the Elven Halls)
 65983 | Depths:1 | Entered Level 1 of the Depths
 66416 | Depths:1 | Found a one-way gate leading to the halls of Pandemonium.
 66877 | Depths:1 | Found a gateway to Hell.
 66907 | Depths:1 | Learned a level 3 spell: Flight
 67258 | Depths:2 | Received a gift from Sif Muna
 67284 | Depths:2 | Identified Sif Muna's Collected Works on Flamy Blows and Bruises (Sif Muna gifted it to you on level 2 of the Depths)
 67491 | Depths:2 | Reached skill level 16 in Conjurations
 67889 | Depths:1 | Reached XP level 21. HP: 105/153 MP: 0/36
 68625 | Depths:2 | Found a gateway to a ziggurat.
 68776 | Depths:2 | Received a gift from Sif Muna
 69671 | Depths:3 | Reached skill level 15 in Fire Magic
 69886 | Depths:3 | Found Ferun's Antique Armour Emporium.
 70146 | Depths:3 | Reached skill level 17 in Conjurations
 70238 | Depths:3 | Learned a level 5 spell: Fireball
 70769 | Depths:3 | Found a glowing golden altar of the Shining One.
 70934 | Depths:4 | Found a one-way gate to the infinite horrors of the Abyss.
 70956 | Depths:4 | Received a gift from Sif Muna
 71029 | Depths:4 | Learned a level 5 spell: Bolt of Magma
 71037 | Depths:4 | Identified Sif Muna's Reference Book on Black Rites (Sif Muna gifted it to you on level 4 of the Depths)
 71582 | Depths:4 | Identified a +3 rod of shadows (12/12) (You found it on level 4 of the Depths)
 71693 | Depths:4 | Got a pitted short sword
 71694 | Depths:4 | Identified the +9 short sword "Clok" {venom, rElec rN+} (You found it on level 4 of the Depths)
 72144 | Depths:4 | Reached XP level 22. HP: 150/159 MP: 18/37
 72295 | Depths:5 | Entered Level 5 of the Depths
 72335 | Depths:5 | Found Plog's General Store.
 72368 | Depths:5 | Found Plecoz's Jewellery Emporium.
 72460 | Depths:5 | Found Guujinao's Magic Scroll Emporium.
 72463 | Depths:5 | Bought 3 scrolls of recharging for 370 gold pieces
 72487 | Depths:5 | Found a flickering gateway to a bazaar.
 72507 | Bazaar   | Entered a bazaar
 72507 | Bazaar   | Found Athafioc's Distillery.
 72507 | Bazaar   | Found Dill's Antique Weapon Shoppe.
 72508 | Bazaar   | Found Ihois' Antique Weapon Emporium.
 72508 | Bazaar   | Found Javvayla's Armour Emporium.
 72596 | Depths:5 | Received a gift from Sif Muna
 72598 | Depths:5 | Identified Sif Muna's Papyrus of Combat Magic (Sif Muna gifted it to you on level 5 of the Depths)
 72607 | Depths:5 | Learned a level 7 spell: Delayed Fireball
 73811 | Depths:5 | Reached skill level 18 in Conjurations
 73883 | Depths:5 | Found a gate to the Realm of Zot.
 74545 | Vaults:1 | Entered Level 1 of the Vaults
 74692 | Vaults:1 | Received a gift from Sif Muna
 74718 | Vaults:1 | Identified Sif Muna's Handbook of Combat Magic (Sif Muna gifted it to you on level 1 of the Vaults)
 75303 | Vaults:1 | Found Cidwa's Weapon Boutique.
 75481 | Vaults:1 | Found a gateway to a bazaar.
 75490 | Vaults:1 | Found Aseovues' Book Shop.
 75492 | Bazaar   | Entered a bazaar
 75500 | Bazaar   | Found Pyolou's Antique Weapon Emporium.
 75511 | Bazaar   | Found Eciuj's Antique Weapon Shoppe.
 75527 | Bazaar   | Found Ungeabre's Antique Armour Emporium.
 75538 | Bazaar   | Found Jixt's Antique Armour Shoppe.
 75543 | Bazaar   | Bought a fabulously ornate robe for 142 gold pieces
 75543 | Bazaar   | Bought a glowing cloak for 112 gold pieces
 75543 | Bazaar   | Bought a bloodstained leather armour for 175 gold pieces
 75553 | Bazaar   | Identified the +3 robe of the Nights {rPois MR++} (You bought it in a shop in a bazaar)
 75578 | Bazaar   | Identified the cursed +1 leather armour of the Ward {rF++} (You bought it in a shop in a bazaar)
 75676 | Vaults:1 | Found Thadoi's Magic Scroll Boutique.
 75681 | Vaults:1 | Bought a scroll of enchant armour for 90 gold pieces
 75681 | Vaults:1 | Bought 3 scrolls of teleportation for 108 gold pieces
 75843 | Vaults:1 | Noticed Aizul
 75847 | Vaults:1 | Killed Aizul
 76190 | Vaults:1 | Found Gozag's Antique Armour Emporium.
 76214 | Vaults:1 | Found Gozag's Antique Armour Shoppe.
 76220 | Vaults:1 | Found an opulent altar of Gozag.
 76221 | Vaults:1 | Found Gozag's Assorted Antiques.
 76378 | Vaults:1 | Reached XP level 23. HP: 154/165 MP: 21/37
 76416 | Vaults:1 | Received a gift from Sif Muna
 76419 | Vaults:1 | Identified Sif Muna's Disquisition on Captivating Augmentations (Sif Muna gifted it to you on level 1 of the Vaults)
 76429 | Vaults:1 | Bought a pair of embroidered gloves for 450 gold pieces
 77143 | Vaults:2 | Reached skill level 19 in Conjurations
 77180 | Vaults:2 | Found a staircase to the Crypt.
 77942 | Vaults:2 | Found Xyapoak's Weapon Boutique.
 78199 | Vaults:2 | Got a crude ivory ring
 78201 | Vaults:2 | Identified the ring "Usilaferph" {Str+5 Int+2 Stlth+} (You found it on level 2 of the Vaults)
 78688 | Vaults:2 | Received a gift from Sif Muna
 78699 | Vaults:2 | Learned a level 5 spell: Dispel Undead
 79029 | Crypt:1  | Entered Level 1 of the Crypt
 79531 | Crypt:1  | Got an ichor-stained robe
 79532 | Crypt:1  | Identified the cursed -1 robe of Watchfulness {rElec MR++} (You found it on level 1 of the Crypt)
 80445 | Crypt:2  | Received a gift from Sif Muna
 81431 | Crypt:2  | Reached XP level 24. HP: 172/172 MP: 28/39
 81586 | Crypt:3  | Entered Level 3 of the Crypt
 81957 | Crypt:3  | Received a gift from Sif Muna
 81958 | Crypt:3  | Identified Sif Muna's Tome of Confrontation (Sif Muna gifted it to you on level 3 of the Crypt)
 82148 | Crypt:3  | Got a bound brass ring
 82150 | Crypt:3  | Identified the cursed ring of the Lotus Blossom {rN+ Str-4 Int-2} (You found it on level 3 of the Crypt)
 83105 | Crypt:3  | Reached skill level 20 in Conjurations
 83526 | Crypt:3  | Found a staircase to the Tomb.
 83707 | Crypt:3  | Noticed an ancient lich
 83711 | Crypt:3  | Killed an ancient lich
 84069 | Crypt:3  | Noticed an ancient lich
 84072 | Crypt:3  | Killed an ancient lich
 84199 | Crypt:3  | Received a gift from Sif Muna
 84615 | Crypt:3  | Learned a level 1 spell: Summon Butterflies
 84772 | Tomb:1   | Entered Level 1 of the Tomb of the Ancients
 85997 | Tomb:1   | Noticed a greater mummy
 86009 | Tomb:1   | Killed a greater mummy
 86323 | Tomb:1   | Noticed Khufu
 86329 | Tomb:1   | Killed Khufu
 86329 | Tomb:1   | Received a gift from Sif Muna
 86407 | Tomb:1   | Noticed a greater mummy
 86413 | Tomb:1   | Killed a greater mummy
 86440 | Tomb:1   | Noticed a greater mummy
 86459 | Tomb:1   | Killed a greater mummy
 86490 | Tomb:1   | Identified Sif Muna's Catalogue of Curses (Sif Muna gifted it to you on level 1 of the Tomb of the Ancients)
 86591 | Tomb:1   | Noticed a greater mummy
 86591 | Tomb:1   | Noticed a greater mummy
 86593 | Tomb:1   | Noticed a greater mummy
 87679 | Tomb:1   | Noticed an ancient lich
 87683 | Tomb:1   | Killed an ancient lich
 87726 | Tomb:2   | Noticed a greater mummy
 87726 | Tomb:2   | Noticed a greater mummy
 87910 | Tomb:2   | Noticed a greater mummy
 87911 | Tomb:2   | Noticed a greater mummy
 87911 | Tomb:2   | Killed a greater mummy
 87911 | Tomb:2   | Reached XP level 25. HP: 169/177 MP: 10/40
 88281 | Tomb:1   | Killed a greater mummy
 88281 | Tomb:1   | Received a gift from Sif Muna
 88563 | Tomb:1   | Identified Sif Muna's Reference Book on Calling (Sif Muna gifted it to you on level 1 of the Tomb of the Ancients)
 88592 | Tomb:1   | Killed a greater mummy
 88619 | Tomb:1   | Killed a greater mummy
 89105 | Tomb:2   | Received a gift from Sif Muna
 89114 | Tomb:2   | Identified Sif Muna's Volume of the Entourage (Sif Muna gifted it to you on level 2 of the Tomb of the Ancients)
 89436 | Tomb:1   | Noticed a greater mummy
 89437 | Tomb:1   | Noticed a greater mummy
 89629 | Tomb:1   | Killed a greater mummy
 89632 | Tomb:1   | Killed a greater mummy
 89778 | Tomb:1   | Noticed a greater mummy
 89947 | Tomb:1   | Killed a greater mummy
 90011 | Tomb:1   | Noticed a greater mummy
 90015 | Tomb:1   | Killed a greater mummy
 90015 | Tomb:1   | Reached skill level 21 in Conjurations
 90037 | Tomb:1   | Noticed a greater mummy
 90042 | Tomb:1   | Killed a greater mummy
 90091 | Tomb:1   | Noticed a greater mummy
 90097 | Tomb:1   | Killed a greater mummy
 90097 | Tomb:1   | Received a gift from Sif Muna
 90208 | Tomb:1   | Identified Bluokoaf's Reference Book on the Escort (Sif Muna gifted it to you on level 1 of the Tomb of the Ancients)
 90231 | Tomb:1   | Noticed a greater mummy
 90233 | Tomb:1   | Killed a greater mummy
 90278 | Tomb:1   | Killed a greater mummy
 90296 | Tomb:1   | Noticed a greater mummy
 90304 | Tomb:1   | Killed a greater mummy
 90505 | Tomb:1   | Noticed a greater mummy
 90510 | Tomb:1   | Killed a greater mummy
 90972 | Tomb:1   | Killed a greater mummy
 90998 | Tomb:1   | Noticed a greater mummy
 91006 | Tomb:1   | Killed a greater mummy
 91074 | Tomb:1   | Killed a greater mummy
 91074 | Tomb:1   | Received a gift from Sif Muna
 91123 | Tomb:1   | Noticed a greater mummy
 91128 | Tomb:1   | Killed a greater mummy
 91156 | Tomb:1   | Noticed a greater mummy
 91172 | Tomb:1   | Killed a greater mummy
 91172 | Tomb:1   | Reached XP level 26. HP: 171/184 MP: 15/39
 91217 | Tomb:1   | Noticed a greater mummy
 91373 | Tomb:1   | Killed a greater mummy
 91399 | Tomb:1   | Noticed a greater mummy
 91404 | Tomb:1   | Killed a greater mummy
 91427 | Tomb:1   | Noticed a greater mummy
 91448 | Tomb:1   | Killed a greater mummy
 91725 | Tomb:3   | Entered Level 3 of the Tomb of the Ancients
 92337 | Depths:4 | Voluntarily entered the Abyss.
 92337 | Abyss:1  | Found a corrupted altar of Lugonu.
 92349 | Abyss:1  | Noticed an ancient lich
 92357 | Abyss:1  | Killed an ancient lich
 92568 | Abyss:2  | Found a corrupted altar of Lugonu.
 92591 | Abyss:3  | Received a gift from Sif Muna
 92593 | Abyss:3  | Identified Sif Muna's Guide on Conjuration (Sif Muna gifted it to you on level 3 of the Abyss)
 92776 | Abyss:4  | Found a corrupted altar of Lugonu.
 92979 | Abyss:5  | Entered Level 5 of the Abyss
 92990 | Abyss:5  | Found a corrupted altar of Lugonu.
 93192 | Abyss:5  | Reached skill level 22 in Fire Magic
 93207 | Abyss:5  | Found a corrupted altar of Lugonu.
 93464 | Abyss:5  | Received a gift from Sif Muna
 93465 | Abyss:5  | Identified Lee's Reference Book on Earthen Combat Magic (Sif Muna gifted it to you on level 5 of the Abyss)
 93657 | Abyss:5  | Found a burning altar of Makhleb.
 94303 | Abyss:5  | Received a gift from Sif Muna
 94327 | Abyss:5  | Identified Sif Muna's Collected Works on Summoning (Sif Muna gifted it to you on level 5 of the Abyss)
 94472 | Abyss:5  | Paralysed by you for 2 turns
 94993 | Abyss:5  | Got an abyssal rune of Zot
 95121 | Abyss:5  | Found a runed door.
 95156 | Abyss:5  | HP: 3/178 [large abomination (27)]
 95339 | Abyss:5  | Reached XP level 27. HP: 70/190 MP: 0/38
 95602 | Abyss:5  | Received a gift from Sif Muna
 95704 | Depths:4 | Escaped the Abyss
 96047 | Zot:1    | Entered Level 1 of the Realm of Zot
 96528 | Zot:2    | Learned a level 9 spell: Fire Storm
 96564 | Zot:2    | Reached skill level 23 in Fire Magic
 97379 | Zot:3    | Received a gift from Sif Muna
 98620 | Zot:4    | Received a gift from Sif Muna
 99708 | Zot:4    | Reached skill level 24 in Conjurations
 99780 | Zot:5    | Entered Level 5 of the Realm of Zot
100078 | Zot:5    | Received a gift from Sif Muna
100196 | Zot:5    | Identified Sif Muna's Disquisition on Calling (Sif Muna gifted it to you on level 5 of the Realm of Zot)
100207 | Zot:5    | Noticed an ancient lich
100252 | Zot:5    | Killed an ancient lich
100360 | Zot:5    | Noticed an orb of fire
100388 | Zot:5    | Killed an orb of fire
100502 | Zot:5    | Noticed an orb of fire
100952 | Zot:5    | Killed an orb of fire
100973 | Zot:5    | Noticed an ancient lich
101094 | Zot:5    | Killed an ancient lich
101106 | Zot:5    | Received a gift from Sif Muna
101452 | Zot:5    | Identified Sif Muna's Volume of Summoning (Sif Muna gifted it to you on level 5 of the Realm of Zot)
101493 | Zot:5    | Reached skill level 25 in Conjurations
101807 | Zot:5    | Noticed an orb of fire
101821 | Zot:5    | Noticed an ancient lich
101823 | Zot:5    | Noticed an orb of fire
102402 | Zot:5    | Noticed an ancient lich
102549 | Zot:5    | Killed an ancient lich
103260 | Depths:5 | Bought a scroll of recharging for 123 gold pieces
103260 | Depths:5 | Bought a scroll of recharging for 123 gold pieces
103260 | Depths:5 | Bought a scroll of recharging for 123 gold pieces
103495 | Zot:5    | Received a gift from Sif Muna
103671 | Zot:5    | Noticed an ancient lich
103676 | Zot:5    | Killed an ancient lich
103832 | Zot:5    | Got the Orb of Zot
103939 | Zot:3    | Noticed Voemeem the pandemonium lord
104014 | Zot:1    | Noticed Blauwi Phirph the pandemonium lord
104058 | Depths:4 | Noticed Pootzial the pandemonium lord
104392 | D:8      | Noticed Eneliej the pandemonium lord
104506 | D:$      | Escaped with the Orb!

Action                   |  1- 3 |  4- 6 |  7- 9 | 10-12 | 13-15 | 16-18 | 19-21 | 22-24 | 25-27 || total
-------------------------+-------+-------+-------+-------+-------+-------+-------+-------+-------++-------
Melee: Dagger            |     9 |       |       |       |       |       |       |       |       ||     9
       Short sword       |     2 |    17 |       |       |       |       |       |       |       ||    19
       Flail             |       |       |    81 |    34 |       |       |       |       |       ||   115
       Knife             |       |       |       |    45 |    81 |     5 |       |       |       ||   131
       Staff             |       |       |       |       |       |    25 |    10 |    53 |    55 ||   143
 Fire: Hunting sling     |     2 |       |       |       |       |       |       |       |       ||     2
Throw: Tomahawk          |    13 |     1 |       |       |       |       |       |       |       ||    14
       Stone             |     1 |       |       |       |       |       |       |       |       ||     1
       Javelin           |       |     1 |       |       |       |       |       |       |       ||     1
 Cast: Magic Dart        |    49 |    90 |   152 |   408 |   955 |   498 |     9 |       |       ||  2161
       Searing Ray       |     7 |    30 |    63 |    60 |     2 |       |       |       |       ||   162
       Dazzling Spray    |       |     3 |     6 |    12 |    30 |       |       |       |       ||    51
       Iskenderun's Myst |       |       |    53 |    67 |   371 |    44 |       |       |       ||   535
       Iskenderun's Batt |       |       |       |   105 |   285 |   233 |     4 |       |       ||   627
       Fulminant Prism   |       |       |       |    34 |    88 |       |       |       |       ||   122
       Animate Skeleton  |       |       |       |    14 |    55 |    41 |    28 |     1 |     9 ||   148
       Apportation       |       |       |       |     1 |       |     1 |     4 |     2 |     2 ||    10
       Throw Frost       |       |       |       |       |    58 |       |       |       |       ||    58
       Vampiric Draining |       |       |       |       |    26 |   132 |     5 |       |       ||   163
       Lee's Rapid Decon |       |       |       |       |     6 |    16 |    15 |       |       ||    37
       Swiftness         |       |       |       |       |     3 |     1 |       |       |       ||     4
       Stone Arrow       |       |       |       |       |       |   526 |   128 |       |       ||   654
       Bolt of Magma     |       |       |       |       |       |   206 |     7 |   127 |   341 ||   681
       Ozocubu's Armour  |       |       |       |       |       |    65 |    57 |    26 |    25 ||   173
       Haste             |       |       |       |       |       |    14 |     9 |     8 |    18 ||    49
       Bolt of Fire      |       |       |       |       |       |    58 |   642 |   378 |   420 ||  1498
       Iron Shot         |       |       |       |       |       |       |   109 |    85 |   141 ||   335
       Repel Missiles    |       |       |       |       |       |       |     7 |     3 |     2 ||    12
       Flight            |       |       |       |       |       |       |     6 |     2 |     3 ||    11
       Fireball          |       |       |       |       |       |       |    16 |    87 |    58 ||   161
       Delayed Fireball  |       |       |       |       |       |       |       |     2 |       ||     2
       Dispel Undead     |       |       |       |       |       |       |       |   343 |   229 ||   572
       Summon Butterflie |       |       |       |       |       |       |       |     1 |       ||     1
       Fire Storm        |       |       |       |       |       |       |       |       |    19 ||    19
Invok: Channel Energy    |       |       |       |   707 |  1549 |  2065 |  1996 |  1866 |  2462 || 10645
       Forget Spell      |       |       |       |       |     2 |     3 |     1 |       |       ||     6
 Abil: Evoke Flight      |       |       |       |       |     1 |     1 |       |       |       ||     2
       Stop Flying       |       |       |       |       |     1 |       |       |       |       ||     1
       Release Delayed F |       |       |       |       |       |       |       |     1 |       ||     1
       Self-Restoration  |       |       |       |       |       |       |       |       |     4 ||     4
Evoke: Wand              |       |     1 |       |     4 |    41 |     2 |    11 |     6 |    46 ||   111
       Deck              |       |       |       |       |    12 |       |       |       |       ||    12
       Box of beasts     |       |       |       |       |     3 |       |       |       |       ||     3
       Lamp of fire      |       |       |       |       |       |     4 |     3 |     3 |     4 ||    14
       Phantom mirror    |       |       |       |       |       |       |     1 |       |       ||     1
       Fan of gales      |       |       |       |       |       |       |       |     2 |     4 ||     6
       Phial of floods   |       |       |       |       |       |       |       |     2 |     5 ||     7
  Use: Scroll            |       |     4 |     2 |    17 |    19 |    32 |    16 |    16 |    33 ||   139
 Stab: Sleeping          |     1 |     2 |     1 |     1 |     1 |       |       |     1 |       ||     7
       Invisible         |       |       |       |       |     1 |       |       |       |       ||     1
